 Dungeon Crawl Stone Soup version 0.22-a0-430-g6609fc6 (webtiles) character file.

39 DrEnzyme the Sneak (level 3, -3/28 HPs)
             Began as a Gnoll Wanderer on May 25, 2018.
             Killed by nerve-wracking pain
             ... invoked by Jessica
              (7 damage)
             ... on level 2 of the Dungeon.
             The game lasted 00:03:34 (1374 turns).

DrEnzyme the Sneak (Gnoll Wanderer)                 Turns: 1374, Time: 00:03:34

Health: -3/28      AC:  5    Str: 12    XL:     3   Next: 47%
Magic:  4/4        EV: 12    Int: 14    God:
Gold:   75         SH:  0    Dex: 17    Spells: 3/3 levels left

rFire    . . .     SeeInvis .   a - +0 dagger (freeze)
rCold    . . .     Gourm    .   (no shield)
rNeg     . . .     Faith    .   d - +0 robe
rPois    .         Spirit   .   b - +2 helmet
rElec    .         Reflect  .   (no cloak)
rCorr    .         Harm     .   (no gloves)
MR       .....                  (no boots)
Stlth    +++.......             (no amulet)
HPRegen  0.09/turn              (no ring)
MPRegen  0.09/turn              (no ring)

@: no status effects
A: distributed training, fangs 1, strong nose
a: no special abilities


You were on level 2 of the Dungeon.
You were not hungry.

You visited 1 branch of the dungeon, and saw 2 of its levels.

You collected 75 gold pieces.

Inventory:

Hand Weapons
 a - a +0 dagger of freezing (weapon)
Armour
 b - a +2 helmet (worn)
 d - a +0 robe (worn)
Jewellery
 k - an uncursed ring of wizardry {unknown}
Scrolls
 c - 3 scrolls of teleportation
 g - a scroll of fog {unknown}
 j - a scroll of magic mapping {unknown}
Potions
 e - 2 potions of flight {unknown}
 h - 2 potions of agility {unknown}
 i - 2 potions of curing {unknown}
Comestibles
 f - 2 rations
 l - 2 chunks of flesh


   Skills:
 + Level 2.6 Fighting
 + Level 0.8 Short Blades
 + Level 0.8 Long Blades
 + Level 0.8 Axes
 + Level 0.8 Maces & Flails
 + Level 0.8 Polearms
 + Level 0.8 Staves
 + Level 0.8 Slings
 + Level 0.8 Bows
 + Level 0.8 Crossbows
 + Level 0.8 Throwing
 + Level 0.8 Armour
 + Level 0.8 Dodging
 + Level 6.0 Stealth
 + Level 2.6 Shields
 + Level 0.8 Unarmed Combat
 + Level 0.8 Spellcasting
 + Level 0.5 Conjurations
 + Level 0.5 Hexes
 + Level 0.5 Charms
 + Level 0.5 Summonings
 + Level 0.5 Necromancy
 + Level 3.7 Translocations
 + Level 0.5 Transmutations
 + Level 0.5 Fire Magic
 + Level 0.5 Ice Magic
 + Level 5.4 Air Magic
 + Level 0.5 Earth Magic
 + Level 0.5 Poison Magic
 + Level 1.0 Invocations
 + Level 0.8 Evocations


You had 3 spell levels left.
You didn't know any spells.
Your spell library contained the following spells:

 Spells                   Type           Power        Failure   Level  Hunger
 Lightning Bolt           Conj/Air       #.........   91%         5    ######.
 Pain                     Necr           #...         22%         1    ##.....
 Regeneration             Chrm/Necr      #.........   54%         3    ####...
 Shock                    Conj/Air       #...         8%          1    ##.....
 Swiftness                Chrm/Air       #.......     12%         2    ###....
 Airstrike                Air            ###.......   28%         4    #####..
 Static Discharge         Conj/Air       #.......     24%         3    ####...


Dungeon Overview and Level Annotations

Branches:
Dungeon (2/15)

Altars:
Okawaru

Annotations:
D:2 Jessica


Innate Abilities, Weirdness & Mutations

Your experience applies equally to all skills.
You have very sharp teeth.
Your uncanny sense of smell can sniff out nearby items.


Message History

You kill the hobgoblin!
Your Invocations skill increases to level 1!
Unknown command.
Jessica casts a spell.
Jessica blinks!
Found a scroll labeled BOBILA IFANK.
Jessica points at you and mumbles some strange words.
Pain shoots through your body! Jessica casts a spell at you.
Pain shoots through your body! Jessica barely misses you.
You hit Jessica but do no damage. Jessica gestures at you while chanting.
Pain shoots through your body!
* * * LOW HITPOINT WARNING * * *
Jessica mumbles some strange words.
Jessica blinks!
Jessica casts a spell at you. Pain shoots through your body!
You die...

#...........##.......#
#.#.######..##.......#
#.#......#..##.......#
#.#....#.#..##.......#
#.##...# #..##########
#.#<#..#+#..#
#.#.#.@.....#
#.#.#.......#
#.#.....@.§.#
####.#+#.)# #.. #..#
#.r.#..######
##.#.........
#......... #.........
∆#........?
∆......####


You could see Jessica.

Vanquished Creatures
  An adder (D:2)
  A dart slug (D:1)
  A leopard gecko (D:1)
  2 bats (D:1)
  2 giant cockroaches
  3 goblins
  7 hobgoblins
  2 jackals (D:1)
  2 frilled lizards
  A kobold (D:2)
  2 rats
24 creatures vanquished.

Notes
Turn   | Place    | Note
-------+----------+-------------------------------------------
     0 | D:1      | DrEnzyme the Gnoll Wanderer began the quest for the Orb.
     0 | D:1      | DrEnzyme set off with: a scroll of teleportation, a +0 robe, a +0 dagger, a ration
     0 | D:1      | Reached XP level 1. HP: 17/17 MP: 1/1
    66 | D:1      | Reached XP level 2. HP: 12/23 MP: 2/2
   893 | D:2      | Reached XP level 3. HP: 23/28 MP: 3/3
  1011 | D:2      | Found an iron altar of Okawaru.
  1049 | D:2      | Reached skill level 6 in Stealth
  1363 | D:2      | Noticed Jessica
  1365 | D:2      | Reached skill level 1 in Invocations
  1374 | D:2      | Killed from afar by Jessica

Vault maps used:
D:1:      dpeg_arrival_more_subterranean_lakeside_camping, serial_forest,
          infiniplex_forest_fountain, infiniplex_forest_clump_diagonal,
          infiniplex_forest_zigzag_1, infiniplex_forest_clump_long,
          infiniplex_forest_lined_1
D:2:      elyvilon_altar_5, okawaru_gym_becter, minmay_pentomino_r4,
          uniq_jessica, uniq_crazy_yiuf_cottage, uniq_terence

Skill      XL: |  1  2  3 |
---------------+----------+-----
Stealth        | 6 |  6.0
Invocations    | 1 |  1.0
Fighting       | |  2.6
Short Blades   | |  0.8
Long Blades    | |  0.8
Axes           | |  0.8
Maces & Flails | |  0.8
Polearms       | |  0.8
Staves         | |  0.8
Slings         | |  0.8
Bows           | |  0.8
Crossbows      | |  0.8
Throwing       | |  0.8
Armour         | |  0.8
Dodging        | |  0.8
Shields        | |  2.6
Unarmed Combat | |  0.8
Spellcasting   | |  0.8
Conjurations   | |  0.5
Hexes          | |  0.5
Charms         | |  0.5
Summonings     | |  0.5
Necromancy     | |  0.5
Translocations | |  3.7
Transmutations | |  0.5
Fire Magic     | |  0.5
Ice Magic      | |  0.5
Air Magic      | |  5.4
Earth Magic    | |  0.5
Poison Magic   | |  0.5
Evocations     | |  0.8

Action                   || total
-------------------------++-------
Melee: Dagger            ||   115
       Bite              ||    14
 Stab: Sleeping          ||     6
  Eat: Chunk             ||     2
Armor: Robe              ||    11
Dodge: Dodged            ||    46

Table legend:
 A = Spawn XP
 B = Non-spawn XP
 C = Spawn XP percentage of total XP
 D = Spawn monster count
 E = Non-spawn monster count
 F = Spawn count percentage of total count
 G = Total turns spent on level
                    A         B        C        D         E        F      G
               +---------+---------+-------+---------+---------+-------+---------
         Total |       0 |      57 |   0.0 |       0 |      24 |   0.0 |  1374
               +---------+---------+-------+---------+---------+-------+---------
           D:1 |       0 |      31 |   0.0 |       0 |      15 |   0.0 |  1208
           D:2 |       0 |      26 |   0.0 |       0 |       9 |   0.0 |   166
               +---------+---------+-------+---------+---------+-------+---------
